 Dungeon Crawl Stone Soup version 0.25.1-9-gc5326a611f (webtiles) character file.

Game seed: 14604692470398664140

68 zoidberg28 the Caller (level 4, -4/25 HPs)
             Began as a Tengu Summoner on Jan 13, 2021.
             Slain by a bullfrog (8 damage)
             ... on level 3 of the Dungeon on Jan 14, 2021.
             The game lasted 00:13:33 (3528 turns).

zoidberg28 the Caller (Tengu Summoner)              Turns: 3528, Time: 00:13:33

Health: -4/25      AC:  3    Str:  8    XL:     4   Next: 19%
Magic:  6/8        EV: 13    Int: 16    God:
Gold:   137        SH:  0    Dex: 15    Spells: 6/7 levels left

rFire    . . .     SeeInvis .   f - +0 spear
rCold    . . .     Gourm    .   (no shield)
rNeg     . . .     Faith    .   a - +0 robe
rPois    .         Spirit   .   (helmet restricted)
rElec    .         Reflect  .   p - +0 cloak
rCorr    .         Harm     .   (no gloves)
MR       .....                  (boots unavailable)
Stlth    ++........             (no amulet)
HPRegen  0.08/turn              (no ring)
MPRegen  0.11/turn              (no ring)

@: no status effects
A: beak, talons 3
a: no special abilities


You were on level 3 of the Dungeon.
You were hungry.

You visited 1 branch of the dungeon, and saw 3 of its levels.

You collected 137 gold pieces.

Inventory:

Hand Weapons
 e - a +0 club
 f - a +0 spear (weapon)
 q - a +4 vampiric dagger
Missiles
 j - 103 stones (quivered)
Armour
 a - a +0 robe (worn)
 p - a +0 cloak (worn)
Jewellery
 d - an uncursed ring of poison resistance {unknown}
Scrolls
 b - 4 scrolls of identify {unknown}
 h - a scroll of teleportation {unknown}
 i - 2 scrolls of remove curse {unknown}
 l - a scroll of noise {unknown}
 m - a scroll of fear {unknown}
 n - a scroll of enchant armour {unknown}
 o - a scroll of fog {unknown}
Potions
 g - 2 potions of brilliance {unknown}
 k - 2 potions of heal wounds {unknown}
Comestibles
 c - 6 rations


   Skills:
 + Level 1.3 Fighting
 + Level 1.3 Polearms
 - Level 1.0 Throwing
 + Level 2.7 Dodging
 - Level 2.0 Stealth
 + Level 2.4 Spellcasting
 + Level 5.2 Summonings


You had 6 spell levels left.
You knew the following spells:

 Your Spells              Type           Power        Failure   Level  Hunger
a - Summon Small Mammal   Summ           ###.         2%          1    #......

Your spell library contained the following spells:

 Spells                   Type           Power        Failure   Level  Hunger
 Call Imp                 Summ           ###.....     3%          2    ###....
 Call Canine Familiar     Summ           ###.....     7%          3    ###....
 Summon Guardian Golem    Hex/Summ       ##......     21%         3    ###....
 Summon Ice Beast         Ice/Summ       ##......     56%         4    #####..
 Summon Lightning Spire   Summ/Air       ##......     56%         4    #####..


Dungeon Overview and Level Annotations

Branches:
Dungeon (3/15)

Altars:
Elyvilon
Nemelex Xobeh
Qazlal
Trog
Vehumet
Yredelemnul
The Shining One


Innate Abilities, Weirdness & Mutations

You have a beak for a mouth.
You have claws for feet.


Message History

Aim: a bullfrog (moderately wounded)
The jackal is in the way.
You hit the jackal.
You kill the jackal!
The bullfrog hits you but does no damage.
Casting: Summon Small Mammal (safe; 2% risk of failure)
Confirm with . or Enter, or press ? or * to list all spells.
The bullfrog hits you. x2
* * * LOW HITPOINT WARNING * * *
You swap places.
Your bat misses the bullfrog. The bullfrog closely misses your bat.
The bullfrog hits your bat.
Your bat hits the bullfrog. Your bat misses the bullfrog.
Your bat completely misses the bullfrog.
The bullfrog hits your bat.
Your bat dies!
Your bat's corpse disappears in a puff of smoke!
Casting: Summon Small Mammal (safe; 2% risk of failure)
Confirm with . or Enter, or press ? or * to list all spells.
The bullfrog hits you!
You die...

<.....# #...'...'......
......#######...##.....
......+.....'...'......
......#######...######..
......### ####..>..'..
........## #)#####..
_......... #.#
.._.#...♣. #.# ......###
#@# 8.._..♣ #F#
.........
######§###########
.._.#.♣#♣
♣....r.....†......
_...#.#
..#################
..### # ..# ###


You could see a bullfrog and a friendly quokka (summoned).

Vanquished Creatures
  An adder (D:3)
  An ooze (D:1)
  2 worms (D:2)
  2 leopard geckos
  2 orcs
  A ball python (D:1)
  A giant cockroach (D:1)
  4 goblins
  A hobgoblin (D:2)
  A jackal (D:3)
  A quokka (D:3)
  5 bats
  3 frilled lizards
  3 kobolds
  2 rats (D:2)
30 creatures vanquished.

Vanquished Creatures (collateral kills)
  2 adders (D:2)
  A dart slug (D:2)
  4 orcs
  A goblin (D:1)
  A ball python (D:2)
  A kobold (D:3)
10 creatures vanquished.

Grand Total: 40 creatures vanquished

Notes
Turn   | Place    | Note
-------+----------+-------------------------------------------
     0 | D:1      | zoidberg28 the Tengu Summoner began the quest for the Orb.
     0 | D:1      | Reached XP level 1. HP: 10/10 MP: 4/4
   219 | D:1      | Reached XP level 2. HP: 16/16 MP: 6/6
   767 | D:1      | Reached skill level 5 in Summonings
  1371 | D:2      | Reached XP level 3. HP: 20/20 MP: 7/7
  1389 | D:2      | Reached skill level 1 in Fighting
  1660 | D:2      | Reached skill level 1 in Polearms
  2135 | D:3      | Found a sparkling altar of Nemelex Xobeh.
  2135 | D:3      | Found a basalt altar of Yredelemnul.
  2135 | D:3      | Found a glowing golden altar of the Shining One.
  2191 | D:3      | Noticed a bullfrog
  2403 | D:3      | Found a radiant altar of Vehumet.
  2403 | D:3      | Found a stormy altar of Qazlal.
  2403 | D:3      | Found a bloodstained altar of Trog.
  2403 | D:3      | Found a white marble altar of Elyvilon.
  2523 | D:3      | Reached skill level 1 in Throwing
  2574 | D:3      | Reached XP level 4. HP: 17/25 MP: 5/8
  2732 | D:2      | HP: 1/25 [orc/+0 war axe (5)]
  3528 | D:3      | Slain by a bullfrog

Illustrated notes

Levels and vault maps discovered:
D:1:      ebering_hopf_link, layout_loops_corners, nrook_loot_triangle,
          grunt_decor_one_mirror
D:2:      layout_loops_corners, first_ration, corner_web_ring,
          minmay_crystal_water
D:3:      minmay_chambers_of_twos, layout_basic, grunt_temple_overflow_open,
          serial_forest, infiniplex_forest_straight_4,
          infiniplex_forest_lined_corner, infiniplex_forest_lined_corner,
          infiniplex_forest_lined_1, infiniplex_forest_lined_ring,
          infiniplex_forest_clump_cross, infiniplex_forest_lined_3_way

Skill      XL: |  1  2  3 |
---------------+----------+-----
Summonings     | 5 |  5.2
Fighting       | 1 |  1.3
Polearms       | 1 |  1.3
Throwing       | 1 |  1.0
Dodging        | |  2.7
Stealth        | |  2.0
Spellcasting   | |  2.4

Action                   |  1- 3 |  4- 6 || total
-------------------------+-------+-------++-------
Melee: Spear             |    85 |    35 ||   120
       Kick              |     9 |     4 ||    13
       Peck              |     6 |     6 ||    12
Throw: Stone             |       |     1 ||     1
 Cast: Summon Small Mamm |    35 |    11 ||    46
 Stab: Sleeping          |     5 |       ||     5
       Distracted        |     1 |       ||     1
  Eat: Chunk             |     6 |     2 ||     8
Armor: Robe              |    10 |     4 ||    14
Dodge: Dodged            |    65 |    16 ||    81
